Panthers vs Lightning (R1)

Created - April 9, 2022 at 09:01

Goals
1 2 3 T
Panthers 0 2 2 4
Lightning 1 0 2 3
Shots
1 2 3 T
Panthers 7 13 8 28
Lightning 12 5 12 29

1st period

1. Lightning , Sergei Shirokov 9 (Brandon Sutter 14, Justin Schultz 11) at 15:24

Penalties :
Jeremy Morin (Flo) for Hooking (Minor) at 5:16, Jussi Jokinen (Flo) for Hooking (Minor) at 16:17

2nd period

2. Panthers , Max Reinhart 4 (Jeremy Morin 4) at 2:22
3. Panthers , Dany Heatley 7 (Nail Yakupov 5, Daultan Leveillé 7) at 11:11

Penalties :
Jimmy Howard (T.B) for Delaying the game (Minor) at 8:43 - Sergei Shirokov served the penalty, Brent Seabrook (T.B) for Tripping (Minor) at 11:42, Ryan O'Reilly (Flo) for Roughing (Minor) at 17:30

3rd period

4. Lightning , Nick Bjugstad 15 (Brent Seabrook 13, Kevin Shattenkirk 27) at 0:45 (PP)
5. Panthers , Teuvo Teravainen 17 (Jussi Jokinen 24) at 1:17
6. Panthers , Jussi Jokinen 13 (Ryan O'Reilly 26, Teuvo Teravainen 19) at 17:14 (PP)
7. Lightning , Jimmy Vesey 11 (Kevin Shattenkirk 28, Erik Christensen 3) at 17:18

Penalties :
Oscar Klefbom (Flo) for Hooking (Minor) at 0:27, Brent Seabrook (T.B) for Roughing (Minor) at 3:57, Ryan O'Reilly (Flo) for Interference (Minor) at 5:27, Alex Galchenyuk (Flo) for Interference (Minor) at 9:24, Erik Gudbranson (Flo) for Hooking (Minor) at 13:20, Justin Schultz (T.B) for Hooking (Minor) at 16:12, Jeremy Morin (Flo) for Hooking (Minor) at 17:23

Goalie Stats

Petr Mrazek (Flo), 26 saves from 29 shots - (0.897), W, 26-12-4, 60:00 minutes
Jimmy Howard (T.B), 24 saves from 28 shots - (0.857), L, 17-15-4, 59:41 minutes

Players Stats for Panthers

Player Name              G  A  P  +/- PIM S  H  SB GA TA FO     MP     PP MP  PK MP  
------------------------------------------------------------------------------------
Alex Galchenyuk          0  0  0  -1  2   4  4  1  0  0  1/2    23:34   3:20   4:46 
Dalton Prout             0  0  0   0  0   0  2  2  0  1  0/0    21:48   2:08   5:44 
Dany Heatley             1  0  1   1  0   2  2  0  0  0  0/0     5:30   0:08   0:32 
Daultan Leveillé         0  1  1   1  0   0  0  0  1  0  1/1     6:29   0:08   0:56 
Drew Stafford            0  0  0   0  0   0  0  0  0  0  0/0    16:34   0:11   7:37 
Erik Gudbranson          0  0  0  -1  2   2  1  2  0  2  0/0    28:28   4:22   7:11 
Griffin Reinhart         0  0  0   2  0   0  2  0  0  1  0/0    10:15   0:00   0:51 
Jake Gardiner            0  0  0   0  0   1  1  1  0  0  0/0    25:07   2:08   7:59 
Jeremy Morin             0  1  1   0  4   1  1  0  0  0  0/0     7:50   0:00   0:00 
Josh Gorges              0  0  0   2  0   0  2  2  0  0  0/0    15:04   0:00   5:03 
Jussi Jokinen            1  1  2   1  2   3  0  0  0  0  0/1    14:15   3:02   0:00 
Matt Duchene             0  0  0  -1  0   2  1  1  0  1  18/29  21:27   3:20   3:10 
Max Reinhart             1  0  1   0  0   1  0  1  1  0  7/15   16:26   0:00   7:34 
Nail Yakupov             0  1  1   1  0   1  0  0  0  0  0/0     4:42   0:00   0:00 
Oscar Klefbom            0  0  0  -1  2   2  0  0  0  0  0/0    19:22   4:22   0:36 
Ryan O'Reilly            0  1  1   1  4   2  3  0  1  0  6/9    17:25   3:01   2:49 
Teuvo Teravainen         1  1  2   1  0   4  1  0  0  0  0/2    14:07   3:02   0:00 
Tyler Toffoli            0  0  0  -1  0   3  1  0  0  0  0/0    17:18   3:17   0:00 

Players Stats for Lightning

Player Name              G  A  P  +/- PIM S  H  SB GA TA FO     MP     PP MP  PK MP  
------------------------------------------------------------------------------------
Alex Killorn             0  0  0   0  0   0  1  0  0  0  1/1     3:17   0:17   0:43 
Brandon Sutter           0  1  1  -2  0   4  0  1  0  0  3/9    20:47   6:05   1:56 
Brent Seabrook           0  1  1  -1  4   1  3  0  0  0  0/0    25:19   7:56   1:32 
Cody Goloubef            0  0  0   0  0   1  1  1  0  0  0/0    14:27   0:00   2:06 
Conor Sheary             0  0  0   1  0   1  2  0  0  0  0/0    11:37   0:14   0:00 
Derek Meech              0  0  0   0  0   1  0  1  0  0  0/0    19:47   5:25   3:17 
Erik Christensen         0  1  1   1  0   6  1  0  0  0  3/4    10:27   0:00   0:00 
James Neal               0  0  0  -2  0   0  1  0  1  0  0/0    18:38   6:05   0:00 
Jesper Fast              0  0  0   0  0   0  0  0  0  0  0/0     5:21   0:01   0:00 
Jimmy Vesey              1  0  1   1  0   3  0  1  1  0  1/1    11:36   0:00   0:36 
Justin Schultz           0  1  1   0  2   0  1  3  0  1  0/0    19:21   5:25   2:52 
Kevin Shattenkirk        0  2  2  -1  0   5  1  1  1  0  0/0    28:27   8:17   3:13 
Kyle Clifford            0  0  0   0  0   0  1  0  2  0  7/15   26:04   7:20   4:13 
Mark Scheifele           0  0  0   0  0   0  1  2  0  0  10/27  22:28   7:26   4:07 
Nick Bjugstad            1  0  1   0  0   3  1  0  0  1  1/1    17:51   7:30   0:00 
Ondrej Palat             0  0  0   0  0   0  0  0  0  0  0/0     4:49   0:00   0:00 
Sergei Shirokov          1  0  1  -2  0   3  0  0  0  0  0/1    20:03   6:05   1:25 
Shayne Gostisbehere      0  0  0   0  0   1  0  3  0  1  0/0    12:39   0:24   0:00 

3 Stars

1 - Teuvo Teravainen (Flo)
2 - Dany Heatley (Flo)
3 - Jussi Jokinen (Flo)

Power Play

Panthers - 1 on 4 Attempt(s) - 25.00%
Lightning - 1 on 8 Attempt(s) - 12.50%

Penalty Kill

Panthers - 7 on 8 Attempt(s) - 87.50% - Score 0 goal in Penalty Kill
Lightning - 3 on 4 Attempt(s) - 75.00% - Score 0 goal in Penalty Kill

Team Stat

Panthers - Hits : 21 - Faceoff Wins : 33 - Blocked Shots : 10 - Penalty Minutes : 16
Lightning - Hits : 14 - Faceoff Wins : 26 - Blocked Shots : 13 - Penalty Minutes : 8

Official

Referees : Chris Rooney and Graham Skilliter
Linesman : Jonny Murray and Vaughan Rody

Game Notes

No Game Note

Finance

Level 1 -- Attendance: 5987 (99.78%) -- Ticket Income $598,700
Level 2 -- Attendance: 5000 (100.00%) -- Ticket Income $300,000
Level 3 -- Attendance: 1788 (89.40%) -- Ticket Income $62,580
Level 4 -- Attendance: 3913 (97.83%) -- Ticket Income $97,825
Luxury Box -- Attendance: 1000 (100.00%) -- Ticket Income $200,000
Game was played at the Amalie Arena.
Total Attendance: 17688 (98.27%)
Total Ticket Income: $1,259,105
Other Income: $188,866
Total Income: $1,447,971

Panthers

5 vs 5 Forward 
   Center                   Left Wing                Right Wing               Time % Phy DF OF 
 1 Matt Duchene             Alex Galchenyuk          Tyler Toffoli            40     0   2  3  
 2 Ryan O'Reilly            Jussi Jokinen            Teuvo Teravainen         30     0   2  3  
 3 Max Reinhart             Jeremy Morin             Drew Stafford            20     0   2  3  
 4 Daultan Leveillé         Dany Heatley             Nail Yakupov             10     1   2  2  

5 vs 5 Defense 
   Defense                  Defense                                           Time % Phy DF OF 
 1 Erik Gudbranson          Oscar Klefbom                                     40     0   2  3  
 2 Jake Gardiner            Dalton Prout                                      30     0   2  3  
 3 Griffin Reinhart         Josh Gorges                                       20     1   2  2  
 4 Erik Gudbranson          Jake Gardiner                                     10     1   2  2  

PowerPlay Forward 
   Center                   Left Wing                Right Wing               Time % Phy DF OF 
 1 Matt Duchene             Alex Galchenyuk          Tyler Toffoli            60     0   1  4  
 2 Ryan O'Reilly            Jussi Jokinen            Teuvo Teravainen         40     0   1  4  

PowerPlay Defense
   Defense                  Defense                                           Time % Phy DF OF 
 1 Erik Gudbranson          Oscar Klefbom                                     60     0   2  3  
 2 Jake Gardiner            Dalton Prout                                      40     0   2  3  

Penalty Kill 4 Players Forward 
   Center                   Wing                     Time % Phy DF OF 
 1 Max Reinhart             Drew Stafford            60     0   4  1  
 2 Ryan O'Reilly            Alex Galchenyuk          40     0   4  1  

Penalty Kill 4 Players Defense
   Defense                  Defense                  Time % Phy DF OF 
 1 Erik Gudbranson          Jake Gardiner            60     1   4  0  
 2 Dalton Prout             Josh Gorges              40     1   4  0  

Penalty Kill - 3 Players Forward 
   Forward                                           Time % Phy DF OF 
 1 Max Reinhart                                      60     0   4  1  
 2 Drew Stafford                                     40     0   4  1  

Penalty Kill - 3 Players Defense
   Defense                  Defense                  Time % Phy DF OF 
 1 Erik Gudbranson          Jake Gardiner            60     1   4  0  
 2 Dalton Prout             Josh Gorges              40     1   4  0  

4 vs 4 Forward 
   Center                   Wing                     Time % Phy DF OF 
 1 Matt Duchene             Alex Galchenyuk          60     0   2  3  
 2 Ryan O'Reilly            Tyler Toffoli            40     0   2  3  

4 vs 4 Defense
   Defense                  Defense                  Time % Phy DF OF 
 1 Erik Gudbranson          Oscar Klefbom            60     0   2  3  
 2 Jake Gardiner            Dalton Prout             40     1   2  2  

Last Minutes Offensive
   Center                   Left Wing                Right Wing               Defense                  Defense                  
   Matt Duchene             Alex Galchenyuk          Tyler Toffoli            Erik Gudbranson          Jake Gardiner            

Last Minutes Defensive
   Center                   Left Wing                Right Wing               Defense                  Defense                  
   Max Reinhart             Alex Galchenyuk          Drew Stafford            Erik Gudbranson          Jake Gardiner            

Goaltenders
Starting : Petr Mrazek              
Backup : Tyler Weiman             

Extra Forwards
Normal : Teuvo Teravainen, Alex Galchenyuk, Matt Duchene - PP : Teuvo Teravainen, Alex Galchenyuk - PK : Matt Duchene
Extra Defensemen
Normal : Jake Gardiner, Erik Gudbranson, Oscar Klefbom - PP : Griffin Reinhart - PK : Dalton Prout, Erik Gudbranson
Penalty Shots
Alex Galchenyuk, Teuvo Teravainen, Ryan O'Reilly, Matt Duchene, Tyler Toffoli

Scratches
Jonathan Sigalet (Torn Right Knee Ligaments Injury)

Lightning

5 vs 5 Forward 
   Center                   Left Wing                Right Wing               Time % Phy DF OF 
 1 Mark Scheifele           Kyle Clifford            Nick Bjugstad            40     1   2  2  
 2 Brandon Sutter           Sergei Shirokov          James Neal               30     1   2  2  
 3 Erik Christensen         Jimmy Vesey              Conor Sheary             20     1   2  2  
 4 Kyle Clifford            Ondrej Palat             Jesper Fast              10     1   2  2  

5 vs 5 Defense 
   Defense                  Defense                                           Time % Phy DF OF 
 1 Kevin Shattenkirk        Brent Seabrook                                    40     1   2  2  
 2 Justin Schultz           Derek Meech                                       30     1   2  2  
 3 Shayne Gostisbehere      Cody Goloubef                                     20     1   2  2  
 4 Kevin Shattenkirk        Brent Seabrook                                    10     1   2  2  

PowerPlay Forward 
   Center                   Left Wing                Right Wing               Time % Phy DF OF 
 1 Mark Scheifele           Kyle Clifford            Nick Bjugstad            60     1   2  2  
 2 Brandon Sutter           Sergei Shirokov          James Neal               40     1   2  2  

PowerPlay Defense
   Defense                  Defense                                           Time % Phy DF OF 
 1 Kevin Shattenkirk        Brent Seabrook                                    60     1   2  2  
 2 Justin Schultz           Derek Meech                                       40     1   2  2  

Penalty Kill 4 Players Forward 
   Center                   Wing                     Time % Phy DF OF 
 1 Kyle Clifford            Mark Scheifele           60     1   2  2  
 2 Brandon Sutter           Sergei Shirokov          40     1   2  2  

Penalty Kill 4 Players Defense
   Defense                  Defense                  Time % Phy DF OF 
 1 Kevin Shattenkirk        Brent Seabrook           60     1   2  2  
 2 Justin Schultz           Derek Meech              40     1   2  2  

Penalty Kill - 3 Players Forward 
   Forward                                           Time % Phy DF OF 
 1 Kyle Clifford                                     60     1   2  2  
 2 Mark Scheifele                                    40     1   2  2  

Penalty Kill - 3 Players Defense
   Defense                  Defense                  Time % Phy DF OF 
 1 Kevin Shattenkirk        Brent Seabrook           60     1   2  2  
 2 Justin Schultz           Derek Meech              40     1   2  2  

4 vs 4 Forward 
   Center                   Wing                     Time % Phy DF OF 
 1 Kyle Clifford            Mark Scheifele           60     1   2  2  
 2 Brandon Sutter           Sergei Shirokov          40     1   2  2  

4 vs 4 Defense
   Defense                  Defense                  Time % Phy DF OF 
 1 Kevin Shattenkirk        Brent Seabrook           60     1   2  2  
 2 Justin Schultz           Derek Meech              40     1   2  2  

Last Minutes Offensive
   Center                   Left Wing                Right Wing               Defense                  Defense                  
   Mark Scheifele           Kyle Clifford            Nick Bjugstad            Kevin Shattenkirk        Brent Seabrook           

Last Minutes Defensive
   Center                   Left Wing                Right Wing               Defense                  Defense                  
   Mark Scheifele           Kyle Clifford            Nick Bjugstad            Kevin Shattenkirk        Brent Seabrook           

Goaltenders
Starting : Jimmy Howard             
Backup : Alex Nedeljkovic         

Extra Forwards
Normal : Alex Killorn, Conor Sheary, Jimmy Vesey - PP : Alex Killorn, Conor Sheary - PK : Jimmy Vesey
Extra Defensemen
Normal : Shayne Gostisbehere, Cody Goloubef, Justin Schultz - PP : Shayne Gostisbehere - PK : Cody Goloubef, Justin Schultz
Penalty Shots
Kyle Clifford, Mark Scheifele, Brandon Sutter, Sergei Shirokov, Nick Bjugstad

Scratches
Brayden Point (Healthy), Joni Pitkanen (Abdomen/Ribs Injury), Nikolaj Ehlers (Healthy), Oscar Sundqvist (Healthy), Roman Josi (Healthy)

% Time on Ice - Panthers

Lines # - Real PCT - Wanted PCT - Time Play
Normal Forward
1 - 39% - 40% - 15:05
2 - 29% - 30% - 11:17
3 - 20% - 20% - 7:43
4 - 12% - 10% - 4:42
Normal Defense
1 - 40% - 40% - 15:33
2 - 35% - 30% - 13:34
3 - 23% - 20% - 8:57
4 - 2% - 10% - 0:43
PP Forward
1 - 53% - 60% - 3:28
2 - 47% - 40% - 3:02
PP Defense
1 - 67% - 60% - 4:22
2 - 33% - 40% - 2:08
PK Forward
1 - 73% - 60% - 9:57
2 - 27% - 40% - 3:45
PK Defense
1 - 64% - 60% - 8:48
2 - 36% - 40% - 4:54
PK3 Forward
1 - 0% - 60%
2 - 0% - 40%
PK3 Defense
1 - 0% - 60%
2 - 0% - 40%
44 Forward
1 - 100% - 60% - 0:29
2 - 0% - 40% - 0:00
44 Defense
1 - 100% - 60% - 0:29
2 - 0% - 40% - 0:00
Last Minute Offensive  - 0:00
Last Minute Defensive  - 0:32
Total
Forward - 60:00
Defense - 60:00

% Time on Ice - Lightning

Lines # - Real PCT - Wanted PCT - Time Play
Normal Forward
1 - 28% - 40% - 10:44
2 - 33% - 30% - 12:46
3 - 27% - 20% - 10:27
4 - 12% - 10% - 4:49
Normal Defense
1 - 39% - 40% - 15:08
2 - 29% - 30% - 11:05
3 - 30% - 20% - 11:46
4 - 2% - 10% - 0:47
PP Forward
1 - 56% - 60% - 7:37
2 - 44% - 40% - 6:05
PP Defense
1 - 60% - 60% - 8:17
2 - 40% - 40% - 5:25
PK Forward
1 - 71% - 60% - 4:37
2 - 29% - 40% - 1:53
PK Defense
1 - 49% - 60% - 3:13
2 - 51% - 40% - 3:17
PK3 Forward
1 - 0% - 60%
2 - 0% - 40%
PK3 Defense
1 - 0% - 60%
2 - 0% - 40%
44 Forward
1 - 100% - 60% - 0:29
2 - 0% - 40% - 0:00
44 Defense
1 - 100% - 60% - 0:29
2 - 0% - 40% - 0:00
Last Minute Offensive  - 0:33
Last Minute Defensive  - 0:00
Total
Forward - 60:00
Defense - 60:00

Play-by-Play

1st period


0:01 of 1st period - Matt Duchene wins face-off versus Mark Scheifele in neutral zone.
0:08 of 1st period - Wrist shot by Tyler Toffoli.
0:08 of 1st period - Stopped by Jimmy Howard with a rebound.
1:08 of 1st period - Snap shot by Erik Gudbranson.
1:08 of 1st period - Shot Misses the Net.
1:10 of 1st period - Snap shot by Daultan Leveillé.
1:10 of 1st period - Deflect By Dany Heatley.
1:10 of 1st period - Stopped by Jimmy Howard with a rebound.
1:30 of 1st period - Snap shot by Tyler Toffoli.
1:30 of 1st period - Shot Misses the Net.
1:33 of 1st period - Icing by Cody Goloubef.
1:34 of 1st period - Brandon Sutter wins face-off versus Ryan O'Reilly in Lightning zone.
2:42 of 1st period - Snap shot by Kyle Clifford.
2:42 of 1st period - Shot Blocked by Josh Gorges.
3:06 of 1st period - Snap shot by Kyle Clifford.
3:06 of 1st period - Shot Misses the Net.
4:11 of 1st period - Slapshot by Erik Gudbranson.
4:11 of 1st period - Deflect By Nail Yakupov.
4:11 of 1st period - Stopped by Jimmy Howard without a rebound.
4:12 of 1st period - Matt Duchene wins face-off versus Mark Scheifele in Lightning zone.
4:39 of 1st period - Jimmy Vesey is hit by Griffin Reinhart and loses puck.
4:48 of 1st period - Teuvo Teravainen is hit by Brent Seabrook and loses puck.
5:16 of 1st period - Minor Penalty to Jeremy Morin for Hooking.
5:17 of 1st period - Mark Scheifele wins face-off versus Max Reinhart in Panthers zone.
5:50 of 1st period - Snap shot by Alex Galchenyuk.
5:50 of 1st period - Shot Misses the Net.
5:52 of 1st period - Slapshot by Erik Gudbranson.
5:52 of 1st period - Shot Blocked by Brandon Sutter.
5:54 of 1st period - Slapshot by Erik Gudbranson.
5:54 of 1st period - Stopped by Jimmy Howard with a rebound.
6:55 of 1st period - Icing by Nick Bjugstad.
6:56 of 1st period - Mark Scheifele wins face-off versus Matt Duchene in Lightning zone.
7:16 of 1st period - Penalty to Jeremy Morin is over, Jeremy Morin is back on ice.
8:21 of 1st period - Snap shot by Jeremy Morin.
8:21 of 1st period - Stopped by Jimmy Howard with a rebound.
8:23 of 1st period - Snap shot by Griffin Reinhart.
8:23 of 1st period - Shot Blocked by Shayne Gostisbehere.
8:25 of 1st period - Slapshot by Josh Gorges.
8:25 of 1st period - Shot Blocked by Cody Goloubef.
8:27 of 1st period - Slapshot by Max Reinhart.
8:27 of 1st period - Shot Misses the Net.
8:51 of 1st period - Kevin Shattenkirk is hit by Dany Heatley and loses puck.
9:58 of 1st period - Jake Gardiner is hit by Justin Schultz and loses puck.
10:17 of 1st period - Slapshot by Erik Christensen.
10:17 of 1st period - Stopped by Petr Mrazek with a rebound.
10:19 of 1st period - Wrist shot by Jimmy Vesey.
10:19 of 1st period - Stopped by Petr Mrazek with a rebound.
10:21 of 1st period - Wrist shot by Erik Christensen.
10:21 of 1st period - Stopped by Petr Mrazek without a rebound.
10:22 of 1st period - Mark Scheifele wins face-off versus Max Reinhart in Panthers zone.
11:19 of 1st period - Kevin Shattenkirk is hit by Tyler Toffoli and loses puck.
11:38 of 1st period - Drew Stafford is hit by Kyle Clifford and loses puck.
12:06 of 1st period - Slapshot by Erik Christensen.
12:06 of 1st period - Stopped by Petr Mrazek with a rebound.
12:24 of 1st period - Brandon Sutter is hit by Alex Galchenyuk and loses puck.
13:05 of 1st period - Wrist shot by Teuvo Teravainen.
13:05 of 1st period - Stopped by Jimmy Howard without a rebound.
13:06 of 1st period - Kyle Clifford wins face-off versus Matt Duchene in Lightning zone.
13:53 of 1st period - Slapshot by Derek Meech.
13:53 of 1st period - Stopped by Petr Mrazek with a rebound.
14:13 of 1st period - Alex Galchenyuk is hit by Nick Bjugstad and loses puck.
14:32 of 1st period - Wrist shot by Jussi Jokinen.
14:32 of 1st period - Stopped by Jimmy Howard with a rebound.
15:14 of 1st period - Slapshot by Sergei Shirokov.
15:14 of 1st period - Shot Blocked by Alex Galchenyuk.
15:16 of 1st period - Slapshot by Justin Schultz.
15:16 of 1st period - Shot Blocked by Erik Gudbranson.
15:18 of 1st period - Backhand shot by Justin Schultz.
15:18 of 1st period - Shot Misses the Net.
15:24 of 1st period - Snap shot by Sergei Shirokov.
15:24 of 1st period - Goal by Sergei Shirokov - Panthers : 0 - Lightning : 1.
15:25 of 1st period - Brandon Sutter wins face-off versus Matt Duchene in neutral zone.
15:33 of 1st period - Snap shot by Kevin Shattenkirk.
15:33 of 1st period - Stopped by Petr Mrazek without a rebound.
15:34 of 1st period - Matt Duchene wins face-off versus Sergei Shirokov in Panthers zone.
15:45 of 1st period - Tyler Toffoli is hit by Brent Seabrook and loses puck.
15:54 of 1st period - Snap shot by Brandon Sutter.
15:54 of 1st period - Stopped by Petr Mrazek with a rebound.
16:11 of 1st period - Kevin Shattenkirk is hit by Jake Gardiner and loses puck.
16:14 of 1st period - Wrist shot by Kevin Shattenkirk.
16:14 of 1st period - Deflect By Sergei Shirokov.
16:14 of 1st period - Stopped by Petr Mrazek without a rebound.
16:15 of 1st period - Ryan O'Reilly wins face-off versus Mark Scheifele in Panthers zone.
16:17 of 1st period - Minor Penalty to Jussi Jokinen for Hooking.
16:18 of 1st period - Max Reinhart wins face-off versus Mark Scheifele in Panthers zone.
16:30 of 1st period - Slapshot by Brent Seabrook.
16:30 of 1st period - Stopped by Petr Mrazek with a rebound.
16:32 of 1st period - Wrist shot by Nick Bjugstad.
16:32 of 1st period - Deflect By Jake Gardiner.
16:32 of 1st period - Shot Blocked by Max Reinhart.
16:32 of 1st period - Puck is out of play.
16:33 of 1st period - Max Reinhart wins face-off versus Mark Scheifele in Panthers zone.
17:44 of 1st period - Dalton Prout is hit by Mark Scheifele.
18:17 of 1st period - Penalty to Jussi Jokinen is over, Jussi Jokinen is back on ice.
18:32 of 1st period - Wrist shot by Conor Sheary.
18:32 of 1st period - Shot Misses the Net.
18:34 of 1st period - Slapshot by Shayne Gostisbehere.
18:34 of 1st period - Deflect By Erik Christensen.
18:34 of 1st period - Stopped by Petr Mrazek with a rebound.
18:36 of 1st period - Slapshot by Cody Goloubef.
18:36 of 1st period - Shot Blocked by Dalton Prout.
18:38 of 1st period - Snap shot by Cody Goloubef.
18:38 of 1st period - Stopped by Petr Mrazek without a rebound.
18:39 of 1st period - Daultan Leveillé wins face-off versus Erik Christensen in Panthers zone.
18:46 of 1st period - Erik Christensen is hit by Josh Gorges and loses puck.
19:03 of 1st period - Justin Schultz is hit by Ryan O'Reilly and loses puck.
19:12 of 1st period - Justin Schultz is hit by Ryan O'Reilly and loses puck.
Goals for this period are 0 for Panthers vs 1 for Lightning.
Shots for this period are 7 for Panthers vs 12 for Lightning.

2nd period


0:01 of 2nd period - Matt Duchene wins face-off versus Mark Scheifele in neutral zone.
0:05 of 2nd period - Off-side.
0:06 of 2nd period - Matt Duchene wins face-off versus Mark Scheifele in neutral zone.
1:41 of 2nd period - Erik Gudbranson is hit by Conor Sheary and loses puck.
2:22 of 2nd period - Snap shot by Max Reinhart.
2:22 of 2nd period - Goal by Max Reinhart - Panthers : 1 - Lightning : 1.
2:23 of 2nd period - Mark Scheifele wins face-off versus Matt Duchene in neutral zone.
2:50 of 2nd period - Jussi Jokinen is hit by Kevin Shattenkirk and loses puck.
3:36 of 2nd period - Off-side.
3:37 of 2nd period - Kyle Clifford wins face-off versus Matt Duchene in neutral zone.
4:06 of 2nd period - Wrist shot by Teuvo Teravainen.
4:06 of 2nd period - Stopped by Jimmy Howard without a rebound.
4:07 of 2nd period - Mark Scheifele wins face-off versus Jussi Jokinen in Lightning zone.
4:14 of 2nd period - Snap shot by Nick Bjugstad.
4:14 of 2nd period - Stopped by Petr Mrazek without a rebound.
4:15 of 2nd period - Mark Scheifele wins face-off versus Matt Duchene in Panthers zone.
5:08 of 2nd period - Jimmy Vesey is hit by Dalton Prout and loses puck.
5:23 of 2nd period - Shayne Gostisbehere is hit by Dany Heatley and loses puck.
5:42 of 2nd period - Snap shot by Brandon Sutter.
5:42 of 2nd period - Stopped by Petr Mrazek without a rebound.
5:43 of 2nd period - Matt Duchene wins face-off versus Brandon Sutter in Panthers zone.
5:50 of 2nd period - Slapshot by Jake Gardiner.
5:50 of 2nd period - Deflect By Alex Galchenyuk.
5:50 of 2nd period - Stopped by Jimmy Howard with a rebound.
5:52 of 2nd period - Snap shot by Tyler Toffoli.
5:52 of 2nd period - Stopped by Jimmy Howard without a rebound.
5:53 of 2nd period - Mark Scheifele wins face-off versus Matt Duchene in Lightning zone.
6:27 of 2nd period - Brandon Sutter is hit by Teuvo Teravainen and loses puck.
6:50 of 2nd period - Slapshot by Conor Sheary.
6:50 of 2nd period - Stopped by Petr Mrazek without a rebound.
6:51 of 2nd period - Mark Scheifele wins face-off versus Matt Duchene in Panthers zone.
7:07 of 2nd period - Icing by Alex Galchenyuk.
7:08 of 2nd period - Matt Duchene wins face-off versus Brandon Sutter in Panthers zone.
7:41 of 2nd period - Brent Seabrook is hit by Alex Galchenyuk and loses puck.
8:41 of 2nd period - Snap shot by Alex Galchenyuk.
8:41 of 2nd period - Stopped by Jimmy Howard with a rebound.
8:43 of 2nd period - Wrist shot by Alex Galchenyuk.
8:43 of 2nd period - Stopped by Jimmy Howard without a rebound.
8:43 of 2nd period - Minor Penalty to Jimmy Howard for Delaying the game.
8:44 of 2nd period - Kyle Clifford wins face-off versus Ryan O'Reilly in Lightning zone.
8:57 of 2nd period - Slapshot by Jussi Jokinen.
8:57 of 2nd period - Deflect By Ryan O'Reilly.
8:57 of 2nd period - Stopped by Jimmy Howard without a rebound.
8:58 of 2nd period - Ryan O'Reilly wins face-off versus Kyle Clifford in Lightning zone.
8:59 of 2nd period - Wrist shot by Teuvo Teravainen.
8:59 of 2nd period - Stopped by Jimmy Howard without a rebound.
9:00 of 2nd period - Ryan O'Reilly wins face-off versus Kyle Clifford in Lightning zone.
10:21 of 2nd period - Kyle Clifford is hit by Alex Galchenyuk and loses puck.
10:43 of 2nd period - Penalty to Sergei Shirokov is over, Sergei Shirokov is back on ice.
11:09 of 2nd period - Snap shot by Nail Yakupov.
11:09 of 2nd period - Shot Blocked by Justin Schultz.
11:11 of 2nd period - Snap shot by Dany Heatley.
11:11 of 2nd period - Goal by Dany Heatley - Panthers : 2 - Lightning : 1.
11:12 of 2nd period - Ryan O'Reilly wins face-off versus Mark Scheifele in neutral zone.
11:19 of 2nd period - Snap shot by Ryan O'Reilly.
11:19 of 2nd period - Deflect By Jussi Jokinen.
11:19 of 2nd period - Shot Blocked by Mark Scheifele.
11:19 of 2nd period - Puck is out of play.
11:20 of 2nd period - Kyle Clifford wins face-off versus Ryan O'Reilly in Lightning zone.
11:29 of 2nd period - Slapshot by Jussi Jokinen.
11:29 of 2nd period - Stopped by Jimmy Howard without a rebound.
11:30 of 2nd period - Ryan O'Reilly wins face-off versus Mark Scheifele in Lightning zone.
11:42 of 2nd period - Minor Penalty to Brent Seabrook for Tripping.
11:43 of 2nd period - Matt Duchene wins face-off versus Kyle Clifford in Lightning zone.
11:55 of 2nd period - Snap shot by Matt Duchene.
11:55 of 2nd period - Stopped by Jimmy Howard with a rebound.
12:25 of 2nd period - Wrist shot by Ryan O'Reilly.
12:25 of 2nd period - Stopped by Jimmy Howard without a rebound.
12:26 of 2nd period - Kyle Clifford wins face-off versus Teuvo Teravainen in Lightning zone.
13:13 of 2nd period - Off-side.
13:14 of 2nd period - Kyle Clifford wins face-off versus Matt Duchene in neutral zone.
13:42 of 2nd period - Penalty to Brent Seabrook is over, Brent Seabrook is back on ice.
13:52 of 2nd period - Slapshot by Erik Gudbranson.
13:52 of 2nd period - Shot Blocked by Jimmy Vesey.
14:08 of 2nd period - Sergei Shirokov is hit by Erik Gudbranson.
14:48 of 2nd period - Snap shot by Jussi Jokinen.
14:48 of 2nd period - Shot Misses the Net.
14:50 of 2nd period - Wrist shot by Teuvo Teravainen.
14:50 of 2nd period - Shot Misses the Net.
14:52 of 2nd period - Slapshot by Oscar Klefbom.
14:52 of 2nd period - Stopped by Jimmy Howard with a rebound.
14:54 of 2nd period - Snap shot by Teuvo Teravainen.
14:54 of 2nd period - Shot Blocked by Justin Schultz.
15:07 of 2nd period - Off-side.
15:08 of 2nd period - Matt Duchene wins face-off versus Brandon Sutter in neutral zone.
15:23 of 2nd period - Wrist shot by Brandon Sutter.
15:23 of 2nd period - Stopped by Petr Mrazek with a rebound.
15:49 of 2nd period - Wrist shot by Jussi Jokinen.
15:49 of 2nd period - Shot Blocked by Shayne Gostisbehere.
16:13 of 2nd period - Griffin Reinhart is hit by Cody Goloubef and loses puck.
16:26 of 2nd period - Brent Seabrook is hit by Josh Gorges and loses puck.
17:27 of 2nd period - Wrist shot by James Neal.
17:27 of 2nd period - Deflect By Jussi Jokinen.
17:27 of 2nd period - Shot Blocked by Jake Gardiner.
17:27 of 2nd period - Puck is out of play.
17:28 of 2nd period - Ryan O'Reilly wins face-off versus Brandon Sutter in Panthers zone.
17:30 of 2nd period - Minor Penalty to Ryan O'Reilly for Roughing.
17:31 of 2nd period - Nick Bjugstad wins face-off versus Max Reinhart in Panthers zone.
17:45 of 2nd period - Snap shot by Kyle Clifford.
17:45 of 2nd period - Shot Blocked by Erik Gudbranson.
17:47 of 2nd period - Slapshot by Kevin Shattenkirk.
17:47 of 2nd period - Stopped by Petr Mrazek with a rebound.
19:30 of 2nd period - Penalty to Ryan O'Reilly is over, Ryan O'Reilly is back on ice.
19:38 of 2nd period - Snap shot by Jesper Fast.
19:38 of 2nd period - Shot Blocked by Dalton Prout.
19:56 of 2nd period - Ryan O'Reilly is hit by Conor Sheary and loses puck.
Goals for this period are 2 for Panthers vs 0 for Lightning.
Shots for this period are 13 for Panthers vs 5 for Lightning.

3rd period


0:01 of 3rd period - Matt Duchene wins face-off versus Mark Scheifele in neutral zone.
0:03 of 3rd period - Off-side.
0:04 of 3rd period - Matt Duchene wins face-off versus Mark Scheifele in neutral zone.
0:07 of 3rd period - Slapshot by Oscar Klefbom.
0:07 of 3rd period - Stopped by Jimmy Howard with a rebound.
0:27 of 3rd period - Minor Penalty to Oscar Klefbom for Hooking.
0:28 of 3rd period - Max Reinhart wins face-off versus Mark Scheifele in Panthers zone.
0:41 of 3rd period - Slapshot by Kevin Shattenkirk.
0:41 of 3rd period - Stopped by Petr Mrazek with a rebound.
0:43 of 3rd period - Slapshot by Brent Seabrook.
0:43 of 3rd period - Shot Misses the Net.
0:45 of 3rd period - Wrist shot by Nick Bjugstad.
0:45 of 3rd period - Goal by Nick Bjugstad - Panthers : 2 - Lightning : 2.
0:46 of 3rd period - Alex Galchenyuk wins face-off versus Mark Scheifele in neutral zone.
1:00 of 3rd period - Snap shot by Kevin Shattenkirk.
1:00 of 3rd period - Stopped by Petr Mrazek with a rebound.
1:02 of 3rd period - Wrist shot by Nick Bjugstad.
1:02 of 3rd period - Shot Misses the Net.
1:12 of 3rd period - Brent Seabrook is hit by Ryan O'Reilly and loses puck.
1:17 of 3rd period - Snap shot by Teuvo Teravainen.
1:17 of 3rd period - Goal by Teuvo Teravainen - Panthers : 3 - Lightning : 2.
1:18 of 3rd period - Mark Scheifele wins face-off versus Matt Duchene in neutral zone.
1:33 of 3rd period - Snap shot by Mark Scheifele.
1:33 of 3rd period - Shot Misses the Net.
2:10 of 3rd period - Slapshot by Erik Christensen.
2:10 of 3rd period - Stopped by Petr Mrazek with a rebound.
2:12 of 3rd period - Wrist shot by Shayne Gostisbehere.
2:12 of 3rd period - Deflect By Erik Christensen.
2:12 of 3rd period - Shot Hit the Post.
2:12 of 3rd period - Puck is out of play.
2:13 of 3rd period - Erik Christensen wins face-off versus Alex Galchenyuk in Panthers zone.
2:14 of 3rd period - Snap shot by Jimmy Vesey.
2:14 of 3rd period - Stopped by Petr Mrazek without a rebound.
2:15 of 3rd period - Matt Duchene wins face-off versus Mark Scheifele in Panthers zone.
3:04 of 3rd period - Slapshot by Jake Gardiner.
3:04 of 3rd period - Stopped by Jimmy Howard with a rebound.
3:06 of 3rd period - Snap shot by Jake Gardiner.
3:06 of 3rd period - Shot Blocked by Kevin Shattenkirk.
3:08 of 3rd period - Slapshot by Dalton Prout.
3:08 of 3rd period - Shot Hit the Post.
3:10 of 3rd period - Wrist shot by Max Reinhart.
3:10 of 3rd period - Deflect By Kevin Shattenkirk.
3:10 of 3rd period - Shot Misses the Net.
3:10 of 3rd period - Puck is out of play.
3:11 of 3rd period - Matt Duchene wins face-off versus Mark Scheifele in Lightning zone.
3:57 of 3rd period - Minor Penalty to Brent Seabrook for Roughing.
3:58 of 3rd period - Matt Duchene wins face-off versus Kyle Clifford in Lightning zone.
4:03 of 3rd period - Snap shot by Alex Galchenyuk.
4:03 of 3rd period - Shot Misses the Net.
4:05 of 3rd period - Wrist shot by Tyler Toffoli.
4:05 of 3rd period - Deflect By Alex Galchenyuk.
4:05 of 3rd period - Shot Blocked by Justin Schultz.
4:05 of 3rd period - Puck is out of play.
4:06 of 3rd period - Matt Duchene wins face-off versus Kyle Clifford in Lightning zone.
4:13 of 3rd period - Wrist shot by Alex Galchenyuk.
4:13 of 3rd period - Shot Blocked by Mark Scheifele.
4:15 of 3rd period - Slapshot by Tyler Toffoli.
4:15 of 3rd period - Shot Misses the Net.
4:17 of 3rd period - Snap shot by Dalton Prout.
4:17 of 3rd period - Shot Blocked by Derek Meech.
4:19 of 3rd period - Wrist shot by Tyler Toffoli.
4:19 of 3rd period - Stopped by Jimmy Howard without a rebound.
4:20 of 3rd period - Matt Duchene wins face-off versus Kyle Clifford in Lightning zone.
4:35 of 3rd period - Cody Goloubef is hit by Alex Galchenyuk and loses puck.
5:27 of 3rd period - Minor Penalty to Ryan O'Reilly for Interference.
5:28 of 3rd period - Kyle Clifford wins face-off versus Matt Duchene in Panthers zone.
5:35 of 3rd period - Slapshot by Kyle Clifford.
5:35 of 3rd period - Shot Misses the Net.
5:57 of 3rd period - Penalty to Brent Seabrook is over, Brent Seabrook is back on ice.
6:15 of 3rd period - Snap shot by Brandon Sutter.
6:15 of 3rd period - Stopped by Petr Mrazek with a rebound.
6:17 of 3rd period - Slapshot by Brandon Sutter.
6:17 of 3rd period - Shot Misses the Net.
7:27 of 3rd period - Penalty to Ryan O'Reilly is over, Ryan O'Reilly is back on ice.
7:35 of 3rd period - Wrist shot by Erik Christensen.
7:35 of 3rd period - Stopped by Petr Mrazek with a rebound.
7:37 of 3rd period - Snap shot by Shayne Gostisbehere.
7:37 of 3rd period - Stopped by Petr Mrazek with a rebound.
8:01 of 3rd period - Jussi Jokinen is hit by Alex Killorn and loses puck.
8:28 of 3rd period - Shayne Gostisbehere is hit by Griffin Reinhart and loses puck.
8:45 of 3rd period - Wrist shot by James Neal.
8:45 of 3rd period - Deflect By Sergei Shirokov.
8:45 of 3rd period - Stopped by Petr Mrazek without a rebound.
8:46 of 3rd period - Max Reinhart wins face-off versus Brandon Sutter in Panthers zone.
8:51 of 3rd period - Sergei Shirokov is hit by Jeremy Morin and loses puck.
9:08 of 3rd period - Slapshot by Kevin Shattenkirk.
9:08 of 3rd period - Shot Misses the Net.
9:10 of 3rd period - Wrist shot by Conor Sheary.
9:10 of 3rd period - Shot Misses the Net.
9:12 of 3rd period - Slapshot by Justin Schultz.
9:12 of 3rd period - Shot Blocked by Josh Gorges.
9:14 of 3rd period - Slapshot by Derek Meech.
9:14 of 3rd period - Shot Blocked by Matt Duchene.
9:16 of 3rd period - Wrist shot by Jimmy Vesey.
9:16 of 3rd period - Shot Misses the Net.
9:18 of 3rd period - Wrist shot by Conor Sheary.
9:18 of 3rd period - Shot Misses the Net.
9:24 of 3rd period - Minor Penalty to Alex Galchenyuk for Interference.
9:25 of 3rd period - Max Reinhart wins face-off versus Mark Scheifele in Panthers zone.
10:02 of 3rd period - Slapshot by Nick Bjugstad.
10:02 of 3rd period - Stopped by Petr Mrazek without a rebound.
10:03 of 3rd period - Brandon Sutter wins face-off versus Max Reinhart in Panthers zone.
10:46 of 3rd period - Matt Duchene is hit by James Neal and loses puck.
11:24 of 3rd period - Penalty to Alex Galchenyuk is over, Alex Galchenyuk is back on ice.
11:38 of 3rd period - Dany Heatley is hit by Erik Christensen and loses puck.
11:58 of 3rd period - Jesper Fast is hit by Matt Duchene.
12:19 of 3rd period - Icing by Shayne Gostisbehere.
12:20 of 3rd period - Erik Christensen wins face-off versus Teuvo Teravainen in Lightning zone.
13:15 of 3rd period - Snap shot by Matt Duchene.
13:15 of 3rd period - Stopped by Jimmy Howard without a rebound.
13:16 of 3rd period - Max Reinhart wins face-off versus Brandon Sutter in Lightning zone.
13:20 of 3rd period - Minor Penalty to Erik Gudbranson for Hooking.
13:21 of 3rd period - Mark Scheifele wins face-off versus Max Reinhart in Panthers zone.
13:24 of 3rd period - Snap shot by Kevin Shattenkirk.
13:24 of 3rd period - Deflect By Max Reinhart.
13:24 of 3rd period - Stopped by Petr Mrazek with a rebound.
14:05 of 3rd period - Griffin Reinhart is hit by Brent Seabrook and loses puck.
15:20 of 3rd period - Penalty to Erik Gudbranson is over, Erik Gudbranson is back on ice.
15:37 of 3rd period - Wrist shot by Teuvo Teravainen.
15:37 of 3rd period - Shot Misses the Net.
15:39 of 3rd period - Slapshot by Griffin Reinhart.
15:39 of 3rd period - Shot Misses the Net.
15:41 of 3rd period - Slapshot by Griffin Reinhart.
15:41 of 3rd period - Shot Blocked by Shayne Gostisbehere.
16:12 of 3rd period - Minor Penalty to Justin Schultz for Hooking.
16:13 of 3rd period - Matt Duchene wins face-off versus Kyle Clifford in Lightning zone.
16:14 of 3rd period - Snap shot by Alex Galchenyuk.
16:14 of 3rd period - Stopped by Jimmy Howard without a rebound.
16:15 of 3rd period - Matt Duchene wins face-off versus Kyle Clifford in Lightning zone.
17:14 of 3rd period - Wrist shot by Jussi Jokinen.
17:14 of 3rd period - Goal by Jussi Jokinen - Panthers : 4 - Lightning : 2.
17:15 of 3rd period - Erik Christensen wins face-off versus Max Reinhart in neutral zone.
17:18 of 3rd period - Snap shot by Kevin Shattenkirk.
17:18 of 3rd period - Deflect By Jimmy Vesey.
17:18 of 3rd period - Goal by Jimmy Vesey - Panthers : 4 - Lightning : 3.
17:19 of 3rd period - Jimmy Vesey wins face-off versus Max Reinhart in neutral zone.
17:23 of 3rd period - Minor Penalty to Jeremy Morin for Hooking.
17:24 of 3rd period - Max Reinhart wins face-off versus Mark Scheifele in Panthers zone.
18:27 of 3rd period - Brandon Sutter is hit by Dalton Prout and loses puck.
19:23 of 3rd period - Penalty to Jeremy Morin is over, Jeremy Morin is back on ice.
19:33 of 3rd period - Snap shot by Erik Gudbranson.
19:33 of 3rd period - Stopped by Jimmy Howard without a rebound.
19:34 of 3rd period - John Tortorella call a timeout for Lightning.
19:34 of 3rd period - Alex Killorn wins face-off versus Max Reinhart in Lightning zone.
19:41 of 3rd period - Lightning, Jimmy Howard is pulled from the net.
19:53 of 3rd period - Snap shot by Erik Gudbranson.
19:53 of 3rd period - Shot Misses the Net.
Goals for this period are 2 for Panthers vs 2 for Lightning.
Shots for this period are 8 for Panthers vs 12 for Lightning.